EL
BOWIE BAYSOX @ TRENTON THUNDER
09/02/2047
 
TOP OF THE 1ST
Bowie Baysox batting - Pitching for Trenton Thunder : LHP Omar Quinones
Pitching: LHP Omar Quinones
Batting: LHB Tsutomu Miyahara 0-0: Ball
1-0: Swinging Strike
1-1: Called Strike
1-2: Strikes out swinging
Batting: RHB Ken Jenkins 0-0: Ball
1-0: Called Strike
1-1: Ball
2-1: Fly out, F8 (Flyball, 8RXD, EV 98.1 MPH)
Batting: RHB Kory Sanchez 0-0: Swinging Strike
0-1: Swinging Strike
0-2: Strikes out looking
Top of the 1st over - 0 runs, 0 hits, 0 errors, 0 left on base; Bowie 0 - Trenton 0
BOTTOM OF THE 1ST
Trenton Thunder batting - Pitching for Bowie Baysox : RHP Matt Talaski
Pitching: RHP Matt Talaski
Batting: RHB Tim Osborn 0-0: Ball
1-0: Called Strike
1-1: Ball
2-1: Called Strike
2-2: Ground out U3 (Groundball, 3S, EV 81.9 MPH)
Batting: RHB Alex Colon 0-0: Ball
1-0: Called Strike
1-1: Foul Ball, location: 2F
1-2: Foul Ball, location: 2F
1-2: Foul Ball, location: 2F
1-2: Foul Ball, location: 2F
1-2: Foul Ball, location: 2F
1-2: Ball
2-2: Fly out, F7 (Line Drive, 7S, EV 97.5 MPH)
Batting: SHB Ryan Buchbinder 0-0: Called Strike
0-1: Swinging Strike
0-2: Strikes out swinging
Bottom of the 1st over - 0 runs, 0 hits, 0 errors, 0 left on base; Bowie 0 - Trenton 0
TOP OF THE 2ND
Bowie Baysox batting - Pitching for Trenton Thunder : LHP Omar Quinones
Batting: RHB Muneer Maudad 0-0: Ball
1-0: Called Strike
1-1: Ball
2-1: Foul Ball, location: 2F
2-2: Ball
3-2: Foul Ball, location: 2F
3-2: Base on Balls
Batting: RHB Tony Logan 0-0: Fly out, F8 (Flyball, 8LD, EV 100.0 MPH)
Batting: LHB Matt Patnaude 0-0: Called Strike
0-1: Foul Ball, location: 2F
0-2: Foul Ball, location: 2F
0-2: Fly out, F8 (Flyball, 8LM, EV 85.0 MPH)
Batting: SHB Ben Pierce 0-0: Called Strike
0-1: Ball
1-1: Called Strike
1-2: Ball
2-2: Ball
3-2: Strikes out swinging
Top of the 2nd over - 0 runs, 0 hits, 0 errors, 1 left on base; Bowie 0 - Trenton 0
BOTTOM OF THE 2ND
Trenton Thunder batting - Pitching for Bowie Baysox : RHP Matt Talaski
Batting: RHB Jose Tovar 0-0: Ball
1-0: Ball
2-0: Called Strike
2-1: Foul Ball, location: 2F
2-2: Fly out, F7 (Flyball, 7D, EV 96.9 MPH)
Batting: SHB David Stewart 0-0: Foul Ball, location: 2F
0-1: Ball
1-1: Ball
2-1: Fly out, F9 (Line Drive, 9, EV 91.9 MPH)
Batting: RHB Sam Hubbert 0-0: Ball
1-0: Ground out 4-3 (Groundball, 4, EV 101.2 MPH)
Bottom of the 2nd over - 0 runs, 0 hits, 0 errors, 0 left on base; Bowie 0 - Trenton 0
TOP OF THE 3RD
Bowie Baysox batting - Pitching for Trenton Thunder : LHP Omar Quinones
Batting: LHB Jose Chinchilla 0-0: Called Strike
0-1: Fly out, F9 (Line Drive, 9S, EV 108.1 MPH)
Batting: RHB Edwin Ramos 0-0: Foul Ball, location: 2F
0-1: Ball
1-1: Foul Ball, location: 2F
1-2: Foul Ball, location: 2F
1-2: Ball
2-2: Foul Ball, location: 2F
2-2: Ball
3-2: Base on Balls
Batting: LHB Tsutomu Miyahara 0-0: Fly out, F8 (Line Drive, 78D, EV 93.1 MPH)
Batting: RHB Ken Jenkins 0-0: Ball
1-0: Called Strike
1-1: Ground out 6-3 (Groundball, 6M, EV 103.8 MPH)
Top of the 3rd over - 0 runs, 0 hits, 0 errors, 1 left on base; Bowie 0 - Trenton 0
BOTTOM OF THE 3RD
Trenton Thunder batting - Pitching for Bowie Baysox : RHP Matt Talaski
Batting: RHB Phil Reeves 0-0: Swinging Strike
0-1: Foul Ball, location: 2F
0-2: Fly out, F3 (Popup, 3L, EV 68.8 MPH)
Batting: RHB Christian Shearer 0-0: Ball
1-0: Ball
2-0: Fly out, F8 (Flyball, 8RD, EV 96.2 MPH)
Batting: RHB Ben Kidder 0-0: Called Strike
0-1: Ball
1-1: Ground out U3 (Groundball, 34S, EV 88.1 MPH)
Bottom of the 3rd over - 0 runs, 0 hits, 0 errors, 0 left on base; Bowie 0 - Trenton 0
TOP OF THE 4TH
Bowie Baysox batting - Pitching for Trenton Thunder : LHP Omar Quinones
Batting: RHB Kory Sanchez 0-0: Foul Ball, location: 2F
0-1: Foul Ball, location: 2F
0-2: Ball
1-2: Fly out, F8 (Flyball, 8RM, EV 86.9 MPH)
Batting: RHB Muneer Maudad 0-0: Called Strike
0-1: Ball
1-1: Swinging Strike
1-2: Reached on error, E6 (Groundball, 6, EV 83.1 MPH)
Batting: RHB Tony Logan 0-0: Ball
1-0: Called Strike
1-1: Grounds into double play, 3-6-3 (Groundball, 34, EV 103.1 MPH)
Top of the 4th over - 0 runs, 0 hits, 1 error, 0 left on base; Bowie 0 - Trenton 0
BOTTOM OF THE 4TH
Trenton Thunder batting - Pitching for Bowie Baysox : RHP Matt Talaski
Batting: RHB Tim Osborn 0-0: Ball
1-0: Foul Ball, location: 2F
1-1: Ground out 4-3 (Groundball, 4, EV 90.6 MPH)
Batting: RHB Alex Colon 0-0: Ball
1-0: Ball
2-0: Ground out 6-3 (Groundball, 6, EV 103.1 MPH)
Pitching: RHP Brent Widder
Batting: SHB Ryan Buchbinder 0-0: Called Strike
0-1: Ball
1-1: Foul Ball, location: 2F
1-2: Foul Ball, location: 2F
1-2: Strikes out looking
Bottom of the 4th over - 0 runs, 0 hits, 0 errors, 0 left on base; Bowie 0 - Trenton 0
TOP OF THE 5TH
Bowie Baysox batting - Pitching for Trenton Thunder : LHP Omar Quinones
Batting: LHB Matt Patnaude 0-0: Ball
1-0: Swinging Strike
1-1: Swinging Strike
1-2: Ball
2-2: Ball
3-2: Base on Balls
Batting: SHB Ben Pierce 0-0: SINGLE (Groundball, 6MD, EV 93.8 MPH)
Matt Patnaude to second
Batting: LHB Jose Chinchilla 0-0: Called Strike
0-1: Fly out, F9 (Line Drive, 9S, EV 94.4 MPH)
Batting: RHB Edwin Ramos 0-0: Called Strike
0-1: Fly out, F9 (Flyball, 89M, EV 91.9 MPH)
Runner from 2nd tags up, SAFE at 3rd with throw by RF
Batting: LHB Tsutomu Miyahara 0-0: Foul Ball, location: 2F
0-1: Foul Ball, location: 2F
0-2: Strikes out swinging
Top of the 5th over - 0 runs, 1 hit, 0 errors, 2 left on base; Bowie 0 - Trenton 0
BOTTOM OF THE 5TH
Trenton Thunder batting - Pitching for Bowie Baysox : RHP Brent Widder
Batting: RHB Jose Tovar 0-0: Ball
1-0: Foul Ball, location: 2F
1-1: Swinging Strike
1-2: Ball
2-2: Ball
3-2: Fly out, F7 (Flyball, 78M, EV 90.0 MPH)
Batting: SHB David Stewart 0-0: Called Strike
0-1: Ball
1-1: Ball
2-1: Fly out, F8 (Flyball, 8LS, EV 91.2 MPH)
Batting: RHB Sam Hubbert 0-0: Swinging Strike
0-1: Ball
1-1: Called Strike
1-2: Ball
2-2: Strikes out swinging
Bottom of the 5th over - 0 runs, 0 hits, 0 errors, 0 left on base; Bowie 0 - Trenton 0
TOP OF THE 6TH
Bowie Baysox batting - Pitching for Trenton Thunder : LHP Omar Quinones
Pitching: RHP Antonio Castillo
Batting: RHB Ken Jenkins 0-0: Ball
1-0: Ball
2-0: Fly out, F7 (Flyball, 78S, EV 79.4 MPH)
Batting: RHB Kory Sanchez 0-0: Called Strike
0-1: Ball
1-1: Foul Ball, location: 2F
1-2: SINGLE (Groundball, 34D, EV 96.9 MPH)
Batting: RHB Muneer Maudad 0-0: Called Strike
0-1: Ball
1-1: Ball
2-1: Fly out, F9 (Flyball, 9D, EV 92.5 MPH)
Batting: RHB Tony Logan 0-0: Called Strike
0-1: SINGLE (Groundball, 34D, EV 105.6 MPH)
Kory Sanchez to second
Runner from 2nd tries for 3rd, SAFE, throw by RF made to third
Batting: LHB Matt Patnaude 0-0: Called Strike
0-1: Foul Ball, location: 2F
0-2: Ball
1-2: Ball
2-2: 3-RUN HOME RUN (Flyball, 9D, EV 96.2 MPH), Distance : 373 ft
Pitching: RHP Joe Shaw
Batting: SHB Ben Pierce 0-0: Ball
1-0: Ball
2-0: Called Strike
2-1: Ball
3-1: Called Strike
3-2: Base on Balls
Batting: LHB Jose Chinchilla 0-0: DOUBLE (Line Drive, 78D, EV 101.2 MPH)
Ben Pierce to third
Batting: RHB Edwin Ramos 0-0: Ground out 5-3 (Groundball, 56, EV 101.2 MPH)
Top of the 6th over - 3 runs, 4 hits, 0 errors, 2 left on base; Bowie 3 - Trenton 0
BOTTOM OF THE 6TH
Trenton Thunder batting - Pitching for Bowie Baysox : RHP Brent Widder
Batting: RHB Phil Reeves 0-0: Ground out 4-3 (Groundball, 4, EV 86.2 MPH)
Batting: RHB Christian Shearer 0-0: Ball
1-0: Ball
2-0: Called Strike
2-1: Ball
3-1: Foul Ball, location: 2F
3-2: Foul Ball, location: 2F
3-2: SINGLE (Groundball, 6S, EV 77.5 MPH) (infield hit)
Batting: RHB Ben Kidder 0-0: Called Strike
0-1: Foul Ball, location: 2F
0-2: Ball
1-2: Foul Ball, location: 2F
1-2: Ball
2-2: Foul Ball, location: 2F
2-2: Strikes out swinging
Batting: RHB Tim Osborn 0-0: Called Strike
0-1: Ball
1-1: Called Strike
1-2: Ball
Christian Shearer is caught stealing 2nd base 2-4
Bottom of the 6th over - 0 runs, 1 hit, 0 errors, 0 left on base; Bowie 3 - Trenton 0
TOP OF THE 7TH
Bowie Baysox batting - Pitching for Trenton Thunder : RHP Joe Shaw
Batting: LHB Tsutomu Miyahara 0-0: Ball
1-0: Foul Ball, location: 2F
1-1: Ball
2-1: Ball
3-1: Base on Balls
Batting: RHB Ken Jenkins 0-0: Ball
1-0: Fly out, F7 (Flyball, 7D, EV 101.2 MPH)
Batting: RHB Kory Sanchez 0-0: Foul Ball, location: 2F
0-1: Ball
1-1: Ball
2-1: Ball
3-1: SINGLE (Line Drive, 89S, EV 105.0 MPH)
Tsutomu Miyahara to second
Batting: RHB Muneer Maudad 0-0: Called Strike
0-1: Ball
Tsutomu Miyahara steals 3rd base
Kory Sanchez to second
1-1: Swinging Strike
1-2: Ball
2-2: Foul Ball, location: 2F
2-2: Ball
3-2: Base on Balls
Pitching: RHP Ricky Mercer
Batting: RHB Tony Logan 0-0: Called Strike
0-1: Ball
1-1: Ball
2-1: Ball
3-1: Called Strike
3-2: Grounds into fielders choice 6-2 (Groundball, 6, EV 103.8 MPH)
Kory Sanchez to third
Muneer Maudad to second
Batting: LHB Matt Patnaude 0-0: Ball
1-0: Ball
2-0: Called Strike
2-1: Foul Ball, location: 2F
2-2: Fielders Choice at 2nd, 6-4 (Groundball, 4M, EV 83.1 MPH)
Top of the 7th over - 0 runs, 1 hit, 0 errors, 3 left on base; Bowie 3 - Trenton 0
BOTTOM OF THE 7TH
Trenton Thunder batting - Pitching for Bowie Baysox : RHP Brent Widder
Pitching: RHP Mike Wheeler
Batting: RHB Tim Osborn 0-0: Called Strike
0-1: Ball
1-1: Ball
2-1: Swinging Strike
2-2: Ball
3-2: Strikes out swinging
Batting: RHB Alex Colon 0-0: Called Strike
0-1: Foul Ball, location: 2F
0-2: Foul Ball, location: 2F
0-2: Foul Ball, location: 2F
0-2: Ball
1-2: Ball
2-2: Fly out, F5 (Popup, 5SF, EV 79.4 MPH)
Batting: SHB Ryan Buchbinder 0-0: Ground out 4-3 (Groundball, 4, EV 80.0 MPH)
Bottom of the 7th over - 0 runs, 0 hits, 0 errors, 0 left on base; Bowie 3 - Trenton 0
TOP OF THE 8TH
Bowie Baysox batting - Pitching for Trenton Thunder : RHP Ricky Mercer
Pitching: RHP Mark Stafford
Batting: SHB Ben Pierce 0-0: Called Strike
0-1: Swinging Strike
0-2: SINGLE (Line Drive, 8LS, EV 108.8 MPH)
Batting: LHB Jose Chinchilla 0-0: Swinging Strike
0-1: Called Strike
Ben Pierce steals 2nd base
0-2: Foul Ball, location: 2F
0-2: Ball
1-2: Strikes out swinging
Batting: RHB Edwin Ramos 0-0: Ball
1-0: Called Strike
1-1: Ball
2-1: Ground out 2-3 (Groundball, 2L, EV 68.1 MPH)
Ben Pierce to third
Batting: LHB Tsutomu Miyahara 0-0: Ball
1-0: Fly out, F8 (Flyball, 8LM, EV 89.4 MPH)
Top of the 8th over - 0 runs, 1 hit, 0 errors, 1 left on base; Bowie 3 - Trenton 0
BOTTOM OF THE 8TH
Trenton Thunder batting - Pitching for Bowie Baysox : RHP Mike Wheeler
Batting: RHB Jose Tovar 0-0: Called Strike
0-1: Ball
1-1: Ball
2-1: Foul Ball, location: 2F
2-2: Strikes out swinging
Batting: SHB David Stewart 0-0: Ball
1-0: Foul Ball, location: 2F
1-1: Called Strike
1-2: Strikes out looking
Batting: RHB Sam Hubbert 0-0: Ball
1-0: Called Strike
1-1: Ball
2-1: Swinging Strike
2-2: Strikes out swinging
Bottom of the 8th over - 0 runs, 0 hits, 0 errors, 0 left on base; Bowie 3 - Trenton 0
TOP OF THE 9TH
Bowie Baysox batting - Pitching for Trenton Thunder : RHP Mark Stafford
Pitching: LHP Bennett Mele
Batting: RHB Ken Jenkins 0-0: Ball
1-0: Swinging Strike
1-1: Ball
2-1: Fly out, F9 (Flyball, 9, EV 93.8 MPH)
Batting: RHB Kory Sanchez 0-0: Ball
1-0: Ball
2-0: Swinging Strike
2-1: Foul Ball, location: 2F
2-2: Ball
3-2: Base on Balls
Batting: RHB Muneer Maudad 0-0: Swinging Strike
0-1: Ball
1-1: Ball
2-1: Called Strike
2-2: SINGLE (Groundball, 4MD, EV 97.5 MPH)
Kory Sanchez to second
Batting: RHB Tony Logan 0-0: Ball
1-0: Fielders Choice at 2nd, 6-4 (Groundball, 6, EV 85.6 MPH)
Kory Sanchez to third
Batting: LHB Matt Patnaude 0-0: Ball
1-0: Ball
2-0: Ball
3-0: Base on Balls
Tony Logan to second
Batting: SHB Ben Pierce 0-0: Foul Ball, location: 2F
0-1: Foul Ball, location: 2F
0-2: Ball
1-2: Foul Ball, location: 2F
1-2: SINGLE (Groundball, 4MD, EV 95.0 MPH)
Kory Sanchez scores
Tony Logan to third
Matt Patnaude to second
Runner from 3rd tries for Home, throw by CF and OUT! 8-2
Top of the 9th over - 1 run, 2 hits, 0 errors, 2 left on base; Bowie 4 - Trenton 0
BOTTOM OF THE 9TH
Trenton Thunder batting - Pitching for Bowie Baysox : RHP Mike Wheeler
Pitching: RHP Mike Brubaker
Batting: RHB Phil Reeves 0-0: Ground out U3 (Groundball, 34, EV 80.0 MPH)
Batting: RHB Christian Shearer 0-0: Called Strike
0-1: Swinging Strike
0-2: Ball
1-2: Strikes out swinging
Batting: RHB Ben Kidder 0-0: Ball
1-0: Ball
2-0: Called Strike
2-1: Ball
3-1: Swinging Strike
3-2: Strikes out looking
Bottom of the 9th over - 0 runs, 0 hits, 0 errors, 0 left on base; Bowie 4 - Trenton 0
Thursday, December 15th , 2022 - OOTP Baseball 23.9 Build 102